 Dungeon Crawl Stone Soup version 0.28.0-45-g0d030f2227 (webtiles) character file.

Game seed: 12977925997817812629

70 Kaptain the Digger (level 4, 0/26 HPs)
             Began as a Gargoyle Earth Elementalist on Apr 14, 2022.
             Slain by Terence
             ... wielding a +0 morningstar of venom
              (11 damage)
             ... on level 2 of the Dungeon.
             The game lasted 00:03:57 (2592 turns).

Kaptain the Digger (Gargoyle Earth Elementalist)    Turns: 2592, Time: 00:03:57

Health: 0/26       AC:  9    Str: 11    XL:     4   Next: 22%
Magic:  3/7        EV: 12    Int: 24    God:
Gold:   44         SH:  0    Dex: 10    Spells: 6/7 levels left

rFire   . . .      SeeInvis .   i - +0 short sword
rCold   . . .      Faith    .   (no shield)
rNeg    + . .      Spirit   .   b - +0 robe
rPois   ∞          Reflect  .   f - +0 helmet
rElec   +          Harm     .   h - +2 cloak {rCorr}
rCorr   +          Rampage  .   (no gloves)
Will    .....                   (no boots)
Stlth   ++........              (no amulet)
HPRegen 0.08/turn               e - +6 ring of intelligence
MPRegen 0.10/turn               (no ring)

@: no status effects
A: sickness immunity, AC +3, negative energy resistance 1, electricity
resistance, torment resistance 1, petrification resistance
a: no special abilities


You were on level 2 of the Dungeon.
You visited 1 branch of the dungeon, and saw 2 of its levels.

You collected 44 gold pieces.

Inventory:

Hand Weapons
 i - a +0 short sword (weapon)
Missiles
 c - 5 stones
Armour
 b - a +0 robe (worn)
 f - a +0 helmet (worn)
 h - a +2 cloak of preservation (worn)
Jewellery
 e - a +6 ring of intelligence (left hand)
 g - a ring of protection from fire
Scrolls
 j - a scroll of immolation {unknown}
Potions
 a - a potion of curing {unknown}


   Skills:
 * Level 1.7 Fighting
 + Level 0.8 Armour
 + Level 1.8 Dodging
 - Level 2.1 Stealth
 * Level 2.4 Spellcasting
 * Level 1.7 Conjurations
 - Level 0.7 Transmutations
 * Level 4.1 Earth Magic


You had 6 spell levels left.
You knew the following spells:

 Your Spells              Type           Power      Damage    Failure   Level
a - Sandblast             Erth           44%        2d11      1%          1

Your spell library contained the following spells:

 Spells                   Type           Power      Damage    Failure   Level
 Passwall                 Tmut/Erth      11%        N/A       6%          2
 Stone Arrow              Conj/Erth      34%        3d9       11%         3
 Petrify                  Tmut/Erth      14%        N/A       38%         4


Dungeon Overview and Level Annotations

Branches:
Dungeon (2/15)

Altars:

Annotations:
D:2 Terence


Innate Abilities, Weirdness & Mutations

You are immune to sickness and miasma.
Your stone body is resilient. (AC +3)
You are immune to poison.
You resist negative energy. (rN+)
You are resistant to electric shocks. (rElec)
You are resistant to unholy torment.
You are immune to petrification.


Message History

Terence hits you with a +0 morningstar of venom.
You closely miss Terence.
Terence is severely wounded.
Terence misses you.
You hit Terence.
Terence is almost dead.
Terence hits you with a +0 morningstar of venom.
You hit Terence but do no damage.
Terence is almost dead.
Terence hits you with a +0 morningstar of venom.
You barely miss Terence.
Terence is almost dead.
Terence closely misses you.
You closely miss Terence. Your punch misses Terence.
Terence is almost dead.
Terence completely misses you.
Terence hits you with a +0 morningstar of venom.
You hit Terence but do no damage.
Terence is almost dead.
Terence misses you.
You closely miss Terence.
Terence is almost dead.
Terence barely misses you.
You closely miss Terence.
Terence is almost dead.
Terence misses you.
You hit Terence but do no damage.
Terence is almost dead.
Terence looks scornfully at you. Terence completely misses you.
You closely miss Terence.
Terence is severely wounded.
Terence closely misses you.
You hit Terence.
Terence is almost dead.
Terence barely misses you.
You barely miss Terence.
Terence is almost dead.
Terence hits you with a +0 morningstar of venom!
You die...

###........##..)....#####
#...####.##............
##.# ###.##......#####
... ............# 8.
###.##.......#
............#
##..#.......#
##.#..####.###########
#....@@....#........#
##..##.....#.######.#
#..##.....#......#.#
#####÷########..###.#.#
#....>....# #..#.#.#.#
#######......##.#
#..#<..#.#
..............#.#
#..#####.#
#############.#.#
#..#.....# #.#.#
#..#.#####


You could see Terence.

Vanquished Creatures
  An adder (D:2)
  2 dart slugs
  A bat (D:2)
  4 endoplasms
  A giant cockroach (D:2)
  5 goblins
  8 hobgoblins (D:1)
  7 jackals (D:1)
  2 quokkas (D:1)
  9 ball pythons
  A frilled lizard (D:1)
  5 kobolds
  3 rats
49 creatures vanquished.

Notes
Turn   | Place    | Note
-------+----------+-------------------------------------------
     0 | D:1      | Kaptain the Gargoyle Earth Elementalist began the quest for
                  | the Orb.
     0 | D:1      | Reached XP level 1. HP: 10/10 MP: 3/3
   211 | D:1      | Reached XP level 2. HP: 15/16 MP: 0/5
   424 | D:1      | Reached skill level 1 in Conjurations
   688 | D:1      | Reached XP level 3. HP: 19/20 MP: 1/6
   750 | D:1      | Reached skill level 1 in Fighting
   842 | D:1      | Found a faded altar of an unknown god.
  1559 | D:1      | Reached skill level 4 in Earth Magic
  2242 | D:2      | Reached XP level 4. HP: 25/25 MP: 1/7
  2521 | D:2      | Noticed Terence
  2592 | D:2      | Slain by Terence

Illustrated notes

Levels and vault maps discovered:
D:1:      wander_arrival_abandoned_jail, layout_basic,
          nicolae_ecumenical_snake_handling, minmay_parallelograms,
          solitary_fountain
D:2:      layout_basic, grunt_ministairs_1, uniq_terence

Skill      XL: |  1  2  3 |
---------------+----------+-----
Conjurations   | 1 |  1.7
Fighting       | 1 |  1.7
Earth Magic    | 4 |  4.1
Armour         | |  0.8
Dodging        | |  1.8
Stealth        | |  2.1
Spellcasting   | |  2.4
Transmutations | |  0.7

Action                   |  1- 3 |  4- 6 || total
-------------------------+-------+-------++-------
Melee: Unarmed           |    13 |       ||    13
       Dagger            |    85 |       ||    85
       Short sword       |     6 |    24 ||    30
 Cast: Sandblast         |    50 |    16 ||    66
 Stab: Sleeping          |       |     1 ||     1
Armor: Robe              |    43 |     5 ||    48
Dodge: Dodged            |    83 |    26 ||   109
